 Dungeon Crawl Stone Soup version 0.30-a0-726-gd89dcf765f (webtiles) character file.

Game seed: 13250548673208022643

1858 Shayle the Sneak (level 9, -7/57 HPs)
             Began as a Tengu Brigand on Jan 30, 2023.
             Was a Believer of Ashenzari.
             Engulfed by a cloud of poison gas (10 damage)
             ... on level 8 of the Dungeon.
             The game lasted 00:20:26 (6009 turns).

Shayle the Sneak (Tengu Brigand)                    Turns: 6009, Time: 00:20:26

Health: -7/57      AC:  8    Str: 13    XL:     9   Next: 13%
Magic:  25/25      EV: 15    Int: 15    God:    Ashenzari [**....]
Gold:   340        SH:  0    Dex: 21    Spells: 17/17 levels left

rFire   . . .      SeeInvis +    t - +5 demon trident (venom)
rCold   . . .      Faith    .    (no shield)
rNeg    . . .      Spirit   .    f - +0 ring mail
rPois   .          Reflect  .    (helmet restricted)
rElec   .          Harm     .    c - +1 cloak "I Knew You'd Do That" {Elem, Evo} (curse)
rCorr   .          Rampage  .    (no gloves)
Will    .....                    (boots unavailable)
Stlth   +                        (no amulet)
HPRegen 0.29/turn                w - ring "Share My Paranoia" {MP+9, Comp, Cun} (curse)
MPRegen 0.19/turn                i - ring "Fallacy of Ashenzari" {Dex+6, Melee, Self} (curse)

@: confused, lethally poisoned (-7 -> -31), ambrosia-drunk, flying quickly and
evasively, slowed, very slow
A: beak, talons 3, nimble flight
a: Renounce Religion, Curse Item, Shatter the Chains


You were on level 8 of the Dungeon.
You worshipped Ashenzari.
Ashenzari was pleased with you.
You visited 2 branches of the dungeon, and saw 10 of its levels.

You collected 390 gold pieces.
You spent 50 gold pieces at shops.

Inventory:

Hand Weapons
 a - a +2 dagger
 t - a +5 demon trident of venom (weapon)
 y - a +2 whip of draining
Missiles
 d - 16 poisoned darts (quivered)
 e - 3 curare-tipped darts
 k - 6 silver boomerangs
Armour
 b - a +0 robe
 c - the cursed +1 cloak "I Knew You'd Do That" (worn) {Elem, Evo}

   It has a curse which improves the following skills: Elements: Fire Magic, Ice
   Magic, Air Magic and Earth Magic.
   Evocations: Evocations.
 f - a +0 ring mail (worn)
 v - a +0 kite shield
Jewellery
 i - the cursed ring "Fallacy of Ashenzari" (right hand) {Dex+6, Melee, Self}
   (You found it on level 5 of the Dungeon)

   [ring of dexterity]

   Dex:       It affects your dexterity (+6).
   It has a curse which improves the following skills: Melee Combat: Short
   Blades, Long Blades, Axes, Maces & Flails, Polearms, Staves and Unarmed
   Combat.
   Introspection: Fighting and Spellcasting.
 w - the cursed ring "Share My Paranoia" (left hand) {MP+9, Comp, Cun}
   (You found it on level 2 of the Dungeon)

   [ring of magical power]

   MP:        It affects your magic capacity (+9).
   It has a curse which improves the following skills: Companions: Summonings
   and Necromancy.
   Cunning:   Dodging and Stealth.
Wands
 s - a wand of mindburst (9)
 u - a wand of roots (2)
Scrolls
 g - 3 scrolls of amnesia
 j - a scroll of poison
 n - 4 scrolls of teleportation
 p - 3 scrolls of immolation
Potions
 h - 3 potions of mutation
 m - 2 potions of resistance
 o - 3 potions of might
 q - a potion of ambrosia
 r - a potion of attraction
 B - a potion of brilliance


   Skills:
 + Level 6.2(7.5) Fighting
 - Level 2.1(3.1) Short Blades
 + Level 2.5(3.6) Polearms
 - Level 2.0 Throwing
 - Level 5.4 Armour
 + Level 3.0(4.1) Dodging
 + Level 7.6(8.9) Stealth
 + Level 3.4(4.5) Spellcasting
 + Level 2.4(3.4) Air Magic


You had 17 spell levels left.
You didn't know any spells.
Your spell library contained the following spells:

 Spells                   Type           Power      Damage    Failure   Level
 Poisonous Vapours        Pois/Air       16%        N/A       26%         2
 Static Discharge         Conj/Air       16%        2-3/arc   26%         2
 Foxfire                  Conj/Fire      12%        2x1d4     32%         1
 Sting                    Tmut/Pois      12%        1d3       34%         1
 Sublimation of Blood     Necr           3%         N/A       43%         2
 Wereblood                Tmut           3%         N/A       45%         2
 Vhi's Electric Charge    Tloc/Air       16%        N/A       45%         3
 Airstrike                Air            6%         2d(1-17)  63%         4
 Dazzling Flash           Conj/Hex       6%         N/A       71%         3
 Summon Lightning Spire   Summ/Air       8%         N/A       85%         4
 Iskenderun's Mystic Bla  Conj/Tloc      3%         2d3       98%         4
 Olgreb's Toxic Radiance  Pois           3%         N/A       98%         4
 Arcjolt                  Conj/Air       4%         1d14      99%         5
 Lightning Bolt           Conj/Air       4%         1d15      99%         5
 Silence                  Hex/Air        4%         N/A       99%         5
 Agony                    Necr           3%         N/A       100%        5
 Fireball                 Conj/Fire      1%         3d3       100%        5
 Starburst                Conj/Fire      1%         6d3       100%        6
 Summon Hydra             Summ           1%         N/A       100%        7
 Chain Lightning          Conj/Air       4%         3d5       100%        9
 Fire Storm               Conj/Fire      1%         8d1       100%        9
 Shatter                  Erth           1%         3d6*      100%        9


Dungeon Overview and Level Annotations

Branches:
Dungeon (9/15)             Temple (1/1) D:6
   Lair: D:8-11         Orc: D:9-12

Altars:
Ashenzari
Kikubaaqudgha
Sif Muna
Uskayaw
Yredelemnul

Shops:
D:2 !


Innate Abilities, Weirdness & Mutations

You have a beak for a mouth.
You have claws for feet.
Your magical nature lets you fly swiftly and evasively.


Message History

You feel magically purged.
You feel less wooden.
The cursed +1 cloak "I Knew You'd Do That" {Elem, Evo} unmelds from your body.
Your +0 ring mail unmelds from your body.
The kobold brigand barely misses you. The gnoll barely misses you.
The gnoll sergeant hits you from afar with a +2 vampiric spear.
The orc closely misses you.
The kobold brigand throws a curare-tipped dart.
The curare-tipped dart hits you.
You are poisoned.
You have difficulty breathing.
* * * LOW HITPOINT WARNING * * *
You feel yourself slow down. The gnoll misses you.
The gnoll sergeant hits you from afar with a +2 vampiric spear.
* * * LOW HITPOINT WARNING * * *
Things that are here:
a +0 war axe; a +0 chain mail
* * * LOW HITPOINT WARNING * * *
You feel very sick. The gnoll misses you.
Okay, then.
Really read the scroll of poison? [Y]es or [N]o only, please.
Really read the scroll of poison?
The air fills with toxic fumes!
As you read the scroll of poison, it crumbles to dust.
* * * LOW HITPOINT WARNING * * *
You feel very sick. The gnoll barely misses you. The orc closely misses you.
You are confused.
You feel invigorated.
* * * LOW HITPOINT WARNING * * *
You feel very sick. The gnoll barely misses you.
The orc hits you with a +0 short sword.
* * * LOW HITPOINT WARNING * * *
The orc barely misses you. The orc attacks as you move away!
The orc barely misses you.
You are engulfed in poison gas.
You are more poisoned.
You die...

#...>...#### *
*##§§§§§§##§##### , *,
*##§§§§§§§§§§#§§# * ,
#§§§§§#§§§§§§§§# ,.
##§§§§#§§§§§§§§# ,
..##§§§§§§§§§§§§##*
..§§§§§§§§§§§§§§§# *
..§§§§§§§§§§§§§§§#. **
* ..§§§§§§@.o§§§§§§...
,,,
..§§§§§§§§§Kg§§§§....
* . , ,
.##§§§§§§§§g§§§§§....,
, . ...
,#§§§§§§§§gg§§§§....,
, ,....
#§§§§§§§§§§§§§§...o#*
... ,
.§§§§§§§§§§§§§§§.....
#.# *
.####§§#§§§§§§§§§..
..## ,, ,
*§§§#§§§§§§§§§.. ...#
, , ,,


You could see a kobold brigand (very poisoned), a gnoll sergeant, 3 gnolls and
an orc.

Vanquished Creatures
  Menkaure (D:3)
  An orc warrior (D:8)
  2 black bears (D:7)
  An ice beast (D:5)
  A centaur (D:9)
  A gnoll sergeant (D:7)
  A necrophage (D:4)
  3 bullfrogs
  3 scorpions (D:6)
  5 hounds
  3 jellies
  2 orc priests
  A gnoll bouda (D:6)
  5 orc wizards
  5 iguanas
  4 gnolls
  8 adders
  A shadow imp (D:7)
  A white imp (D:6)
  3 dart slugs (D:1)
  2 worms
  12 orcs
  8 bats
  6 endoplasms
  4 giant cockroaches
  7 hobgoblins
  4 jackals (D:3)
  12 kobolds
  5 ball pythons
  5 frilled lizards
  4 goblins
  3 rats
124 creatures vanquished.

Vanquished Creatures (others)
  7 plants
7 creatures vanquished.

Grand Total: 131 creatures vanquished

Notes
Turn   | Place    | Note
-------+----------+-------------------------------------------
     0 | D:1      | Shayle the Tengu Brigand began the quest for the Orb.
     0 | D:1      | Reached XP level 1. HP: 12/12 MP: 2/2
   134 | D:1      | Reached XP level 2. HP: 17/17 MP: 3/3
   418 | D:1      | Found a faded altar of an unknown god.
   435 | D:1      | Reached XP level 3. HP: 22/22 MP: 4/4
  1016 | D:2      | Reached skill level 1 in Armour
  1016 | D:2      | Reached XP level 4. HP: 27/27 MP: 5/5
  1021 | D:2      | Found Yseyc's Distillery.
  1026 | D:2      | Bought a potion of heal wounds for 50 gold pieces
  1077 | D:2      | Found a shimmering blue altar of Sif Muna.
  2350 | D:4      | Gained mutation: Your magical nature lets you fly swiftly
                  | and evasively. [Tengu growth]
  2350 | D:4      | Reached XP level 5. HP: 31/32 MP: 6/6
  2373 | D:4      | Noticed Menkaure
  2388 | D:3      | Killed Menkaure
  2389 | D:3      | Reached skill level 5 in Stealth
  2389 | D:3      | Reached XP level 6. HP: 35/38 MP: 7/7
  2581 | D:4      | Found a broken altar of Ashenzari.
  2581 | D:4      | Found a hide-covered altar of Uskayaw.
  2585 | D:4      | Became a worshipper of Ashenzari the Shackled
  2702 | D:5      | Entered Level 5 of the Dungeon
  2923 | D:5      | Reached skill level 6 in Stealth
  2923 | D:5      | Reached XP level 7. HP: 40/44 MP: 8/8
  3596 | D:6      | Found a staircase to the Ecumenical Temple.
  3605 | Temple   | Entered the Ecumenical Temple
  3832 | D:6      | Reached skill level 5 in Fighting
  3832 | D:6      | Reached skill level 1 in Spellcasting
  4011 | D:5      | Reached XP level 8. HP: 51/51 MP: 12/12
  4073 | D:6      | Reached * piety under Ashenzari
  4171 | D:7      | Reached skill level 5 in Armour
  4262 | D:7      | Reached skill level 7 in Stealth
  4374 | D:7      | Identified a scroll of acquirement
  4396 | D:7      | Acquired a +5 demon trident of venom
  4547 | D:7      | Reached skill level 1 in Polearms
  4732 | D:8      | Noticed a yak
  4733 | D:8      | Noticed a yak
  4940 | D:6      | Reached ** piety under Ashenzari
  5389 | D:7      | Reached skill level 1 in Air Magic
  5481 | D:7      | Found a basalt altar of Yredelemnul.
  5481 | D:7      | Noticed a two-headed ogre
  5495 | D:8      | Noticed a yak
  5496 | D:8      | Noticed a yak
  5498 | D:8      | Noticed a yak
  5499 | D:8      | Found an ancient bone altar of Kikubaaqudgha.
  5784 | D:9      | Identified the +0 chain mail of the Eternal Fruit {rN+++
                  | Dex-4 Stlth+}
  5792 | D:9      | Reached XP level 9. HP: 57/57 MP: 16/16
  6004 | D:8      | Identified the cursed +1 cloak "I Knew You'd Do That"
                  | {Elem, Evo}
  6007 | D:8      | HP: 1/57 [poisoned by a kobold brigand (curare-tipped
                  | dart)]
  6009 | D:8      | Engulfed by a cloud of poison gas

Illustrated notes

Levels and vault maps discovered:
D:1:      sevenhm_arrival_forest_fort_large_2, layout_basic,
          shapermc_ecumenical_altar_mp_ritualfount, minmay_tall_x
D:2:      layout_loops_ring, serial_shops, shop_statue, basic_altar
D:3:      layout_basic, serial_glass, glass_columns_b, glass_columns_a,
          serial_park_tiny_2
D:4:      layout_rooms, gammafunk_temple_overflow_elements, serial_bayou_pond_c,
          uniq_menkaure
D:5:      layout_rooms, skrybe_limestone_x, minmay_misc_feat_tiny, minivault_23,
          eino_small_chamber_without_monster
D:6:      layout_cave_pools, minmay_temple_entry_glass
D:7:      layout_basic, old_standard_altar, hangedman_decor_opposing,
          nicolae_figureground_sparkle
D:8:      layout_cave_pools, mainiacjoe_overflow_alcove_2
D:9:      layout_irregular_city, mainiacjoe_overflow_tiny_flanked,
          wad_floor_pattern_1
Temple:   minmay_temple_bridge_d

Skill      XL: |  1  2  3  4  5  6  7  8  9 |
---------------+----------------------------+-----
Dodging        | 2 3 |  3.0
Armour         | 1 2 3 4 5 |  5.4
Fighting       | 3 4 5 6 |  6.2
Stealth        | 5 6 7 |  7.6
Spellcasting   | 1 3 |  3.4
Polearms       | 2 |  2.5
Air Magic      | 2 |  2.4
Short Blades   | |  2.1
Throwing       | |  2.0

Action                     |  1- 3 |  4- 6 |  7- 9 || total
---------------------------+-------+-------+-------++-------
  Melee: Dagger            |    60 |    78 |       ||   138
         Kick              |    15 |    30 |    63 ||   108
         Peck              |     5 |    22 |    35 ||    62
         Whip              |       |    36 |   112 ||   148
         Punch             |       |       |     4 ||     4
         Demon trident     |       |       |    72 ||    72
  Throw: Dart              |       |       |     5 ||     5
 Invoke: Curse Item        |       |       |     3 ||     3
  Evoke: Wand              |       |       |     2 ||     2
    Use: Potion            |       |     2 |     8 ||    10
         Scroll            |       |    11 |    10 ||    21
   Stab: Sleeping          |    10 |     7 |     5 ||    22
 Armour: Ring mail         |    42 |    52 |    81 ||   175
         Skin              |       |       |    36 ||    36
  Dodge: Dodged            |    34 |    62 |   166 ||   262

Table legend: (Time is in decaauts)
 A = Elapsed time spent in this place.
 B = Non-inter-level travel time spent in this place.
 C = Inter-level travel time spent in this place.
 D = Time resting spent in this place.
 E = Time spent auto-exploring this place.
 F = Levels seen in this place.
 G = Mean time per level.
                   A        B        C        D        E       F      G
               +--------+--------+--------+--------+--------+-----+--------+
         Total |   5832 |   5559 |    273 |    818 |   2966 |  10 |  583.2 |
       Dungeon |   5831 |   5558 |    273 |    818 |   2966 |   9 |  647.9 |
        Temple |      1 |      1 |      0 |      0 |      0 |   1 |    1.0 |
               +--------+--------+--------+--------+--------+-----+--------+

Top non-repeatable levels by time:
     D:6: 916 daAuts
     D:2: 827 daAuts
     D:1: 825 daAuts
     D:7: 721 daAuts
     D:5: 706 daAuts
     D:3: 705 daAuts
     D:4: 612 daAuts
     D:8: 269 daAuts
     D:9: 247 daAuts
  Temple: 1 daAuts
